 Dungeon Crawl Stone Soup version 0.27-a0-898-g810843a28d (webtiles) character file.

Game seed: 13606919820687489227

10 Alarkh the Insei (level 2, 22/22 HPs)
             Began as a Demonspawn Gladiator on Apr 5, 2021.
             Got out of the dungeon alive.
             The game lasted 00:00:34 (541 turns).

Alarkh the Insei (Demonspawn Gladiator)              Turns: 541, Time: 00:00:34

Health: 22/22      AC:  4    Str: 14    XL:     2   Next: 10%
Magic:  2/2        EV: 12    Int:  9    God:
Gold:   0          SH:  0    Dex: 14    Spells: 1/1 levels left

rFire    . . .     SeeInvis .     - Unarmed
rCold    . . .     Faith    .   (no shield)
rNeg     . . .     Spirit   .   a - +0 leather armour
rPois    .         Reflect  .   b - +0 helmet
rElec    .         Harm     .   (no cloak)
rCorr    .         Rampage  .   (no gloves)
Will     .....                  (no boots)
Stlth    +.........             (no amulet)
HPRegen  0.07/turn              (no ring)
MPRegen  0.08/turn              (no ring)

@: no status effects
A: talons 1
a: no special abilities


You escaped.
You visited 1 branch of the dungeon, and saw 1 of its levels.

Inventory:

Missiles
 c - 2 throwing nets (quivered)
Armour
 a - a +0 leather armour (worn)
 b - a +0 helmet (worn)
Jewellery
 d - a ring of magical power
Scrolls
 e - a scroll of fog {unknown}
 f - a scroll of teleportation {unknown}


   Skills:
 - Level 2.0 Fighting
 - Level 1.7 Throwing
 - Level 2.6 Dodging
 + Level 3.3 Unarmed Combat


You had one spell level left.
You didn't know any spells.
Your spell library was empty.

Dungeon Overview and Level Annotations

Branches:
Dungeon (1/15)

Altars:


Innate Abilities, Weirdness & Mutations

You have sharp toenails.


Message History

You closely miss the bat.
The bat is moderately wounded.
The bat hits you but does no damage. The bat closely misses you.
You closely miss the bat.
The bat is moderately wounded.
The bat hits you but does no damage. The bat hits you but does no damage.
You barely miss the bat. The bat barely misses you.
You hit the bat.
The bat is severely wounded.
The bat hits you but does no damage. x2
You closely miss the bat.
The bat is severely wounded.
The bat hits you. The bat closely misses you. The bat hits you.
The bat hits you but does no damage. The bat barely misses you.
You hit the bat.
You kill the bat!
No target in view!
No target in view!
A dart slug comes into view.
Found 7 gold pieces and a club.
No reachable target in view!
Found a scroll labelled ZUULADW CANEWN.
You hit the dart slug.
The dart slug is lightly wounded.
The dart slug launches a dart at you. The slug dart misses you.
You hit the dart slug.
The dart slug is heavily wounded.
You hit the dart slug.
You kill the dart slug!
You have reached level 2!
Your demonic ancestry asserts itself...
Your toenails lengthen and sharpen.
There is a staircase leading out of the dungeon here.
Are you sure you want to leave the Dungeon?
This will make you lose the game!
You have escaped!

.. .#.#.#.#.#.#.#...##.#.# #.#
..............##....#.# ######.#
.........#......#.##.#.#
.......##.......#.......##.####.#
######.#......#....#.....#....#.#
.....#.##...#...........##.##.#.#
##.###.#..#...#.#.#.#....#.##.#.#
##.###.##...............##......#
.......#...#..#.@.#..#...#.##....
...###.##...............##.######
...# #.#....#.#.#.#...#..#.# ...#
#.##...........#...##.# ...#
#.#.....#....#......#.# ...#
#.##.......#.......##.# ...#
#.#(.....#..........#.# ...#
#.##...............##.## ...#
#...#.#.#.#.#.#.#.#....#


There were no monsters in sight!

Vanquished Creatures
  A dart slug (D:1)
  An endoplasm (D:1)
  A quokka (D:1)
  2 bats (D:1)
  3 kobolds (D:1)
  A rat (D:1)
9 creatures vanquished.

Notes
Turn   | Place    | Note
-------+----------+-------------------------------------------
     0 | D:1      | Alarkh the Demonspawn Gladiator began the quest for the
                  | Orb.
     0 | D:1      | Reached XP level 1. HP: 16/16 MP: 1/1
   124 | D:1      | Reached skill level 3 in Unarmed Combat
   507 | D:1      | Gained mutation: You have sharp toenails. [demonic
                  | ancestry]
   507 | D:1      | Reached XP level 2. HP: 20/22 MP: 2/2
   541 | D:$      | Got out of the dungeon alive.

Illustrated notes

Levels and vault maps discovered:
D:1:      co_arrival_square_in_a_square_in_a_square, layout_basic, serial_shops,
          nicolae_shop_temple_entry_statues_fountains, serial_park_tiny_2,
          chequers_serial_rivers_small_b

Skill      XL: |  1 |
---------------+----+-----
Unarmed Combat | 3 |  3.3
Fighting       | |  2.0
Throwing       | |  1.7
Dodging        | |  2.6

Action                   || total
-------------------------++-------
Melee: Unarmed           ||    36
       Punch             ||     1
Throw: Throwing net      ||     1
 Stab: Held in net/web   ||     1
       Sleeping          ||     1
Armor: Leather armour    ||     8
Dodge: Dodged            ||    21

Table legend: (Time is in decaauts)
 A = Elapsed time spent in this place.
 B = Non-inter-level travel time spent in this place.
 C = Inter-level travel time spent in this place.
 D = Time resting spent in this place.
 E = Time spent auto-exploring this place.
 F = Levels seen in this place.
 G = Mean time per level.
                   A        B        C        D        E       F      G
               +--------+--------+--------+--------+--------+-----+--------+
         Total |    539 |    506 |     33 |    257 |    176 |   1 |  539.0 |
       Dungeon |    539 |    506 |     33 |    257 |    176 |   1 |  539.0 |
               +--------+--------+--------+--------+--------+-----+--------+

Top non-repeatable levels by time:
     D:1: 539 daAuts
